 Dungeon Crawl Stone Soup version 0.29.1-1-gd02db6906a (webtiles) character file.

Game seed: 2230232830360981354

165684 mcbry74 the Severer (level 17, -3/158 HPs)
             Began as a Minotaur Berserker on Oct 12, 2022.
             Was a High Priest of Trog.
             Shot with a bolt by a naga sharpshooter (23 damage)
             ... on level 2 of the Snake Pit on Oct 13, 2022.
             The game lasted 02:27:07 (37372 turns).

mcbry74 the Severer (Minotaur Berserker)           Turns: 37372, Time: 02:27:08

Health: -3/158     AC: 24    Str: 29    XL:     17   Next: 28%
Magic:  16/16      EV: 15    Int:  6    God:    Trog [*****.]
Gold:   1926       SH:  0    Dex: 11    Spells: 16/16 levels left

rFire   + + .      SeeInvis +   a - +9 broad axe of Igamaan {vamp, Str+2}
rCold   x . .      Faith    .   (no shield)
rNeg    . . .      Spirit   .   W - +0 fire dragon scales
rPois   +          Reflect  .   R - +2 hat {SInv}
rElec   .          Harm     .   U - +2 cloak {rPois}
rCorr   .          Rampage  +   B - +0 pair of gloves
Will    ++...                   k - +2 pair of boots {rampage}
Stlth   ..........              o - amulet of the acrobat
HPRegen 0.36/turn               I - ring of flight
MPRegen 0.15/turn               q - ring of willpower

@: flying, studying Ice Magic
A: horns 2, retaliatory headbutt, screaming 1
a: Renounce Religion, Berserk, Trog's Hand, Brothers in Arms


You were on level 2 of the Snake Pit.
You worshipped Trog.
Trog was extremely pleased with you.
You visited 7 branches of the dungeon, and saw 29 of its levels.
You also visited: Sewer, Ossuary, Gauntlet and Ice Cave.

You collected 3414 gold pieces.
You spent 1488 gold pieces at shops.

Inventory:

Hand Weapons
 a - the +9 broad axe of Igamaan (weapon) {vamp, Str+2}
   (You acquired it on level 3 of the Dungeon)

   It occasionally heals its wielder for a portion of the damage dealt when it
   wounds a living foe.
   Str:       It affects your strength (+2).
 b - a +9 longbow of flaming
 h - a +6 antimagic executioner's axe
 n - a +1 war axe of holy wrath
 t - a +4 battleaxe of flaming
Missiles
 d - 7 atropa-tipped darts
 F - 8 datura-tipped darts
 L - 11 curare-tipped darts (quivered)
 M - 3 throwing nets
 O - 8 silver javelins
 T - 9 boomerangs
Armour
 k - a +2 pair of boots of rampaging (worn)
 x - a scarf of invisibility
 B - a +0 pair of gloves (worn)
 P - a +1 cloak of cold resistance
 R - a +2 hat of see invisible (worn)
 U - a +2 cloak of poison resistance (worn)
 W - +0 fire dragon scales (worn)
Jewellery
 g - a +6 ring of dexterity
 o - an amulet of the acrobat (around neck)
 q - a ring of willpower (right hand)
 w - an amulet of guardian spirit
 D - a ring of ice
 I - a ring of flight (left hand)
 V - the ring "Xoyxemna" {Contam rElec rN++ MP+9 EV+4}
   (You found it in a Gauntlet)

   [ring of evasion]

   EV:        It affects your evasion (+4).
   rElec:     It insulates you from electricity.
   rN:        It greatly protects you from negative energy.
   MP:        It affects your magic capacity (+9).
   Contam:    It causes magical contamination when unequipped.
 X - a +4 ring of slaying
Wands
 p - a wand of flame (23)
 z - a wand of light (3)
 S - a wand of digging (12)
Scrolls
 c - 2 scrolls of blinking
 i - a scroll of enchant weapon
 l - 9 scrolls of identify
 m - 2 scrolls of brand weapon
 r - a scroll of magic mapping
 u - 2 scrolls of summoning
 C - 8 scrolls of teleportation
 E - 2 scrolls of fear
 N - 5 scrolls of poison
 Y - 3 scrolls of silence
 Z - a scroll of enchant armour
Potions
 e - 4 potions of might
 f - 10 potions of haste
 j - 20 potions of curing
 s - 3 potions of cancellation
 v - 2 potions of invisibility
 A - 2 potions of ambrosia
 G - 12 potions of heal wounds
 H - 5 potions of resistance
Miscellaneous
 y - a tin of tremorstones (2/2)
 J - a phial of floods
 K - a lightning rod (4/4)
 Q - a phantom mirror


   Skills:
 + Level 16.2 Fighting
 + Level 19.2 Axes
 * Level 13.4 Ranged Weapons
 + Level 7.0 Throwing
 + Level 16.0 Armour
 + Level 14.8 Dodging
 + Level 6.5 Evocations


You had 16 spell levels left.
You didn't know any spells.
Your spell library contained the following spells:

 Spells                   Type           Power      Damage    Failure   Level
 Foxfire                  Conj/Fire      0%         2x1d4     67%         1
 Sandblast                Erth           0%         2d4       67%         1
 Slow                     Hex            0%         N/A       67%         1
 Sting                    Tmut/Pois      0%         1d3       67%         1
 Scorch                   Fire           0%         2d5       80%         2
 Call Canine Familiar     Summ           0%         N/A       95%         3
 Confusing Touch          Hex            0%         N/A       95%         3
 Conjure Flame            Conj/Fire      0%         6-21      95%         3
 Inner Flame              Hex/Fire       0%         N/A       95%         3
 Portal Projectile        Hex/Tloc       0%         N/A       95%         3
 Vampiric Draining        Necr           0%         2d6       95%         3
 Flame Wave               Conj/Fire      0%         2d4       100%        4
 Leda's Liquefaction      Hex/Erth       0%         N/A       100%        4
 Summon Lightning Spire   Summ/Air       0%         N/A       100%        4
 Alistair's Intoxication  Tmut/Pois      0%         N/A       100%        5
 Borgnjor's Vile Clutch   Necr/Erth      0%         N/A       100%        5
 Fireball                 Conj/Fire      0%         3d3       100%        5
 Iskenderun's Battlesphe  Conj           0%         2d6       100%        5
 Conjure Ball Lightning   Conj/Air       0%         3x3d6     100%        6
 Eringya's Noxious Bog    Tmut/Pois      0%         N/A       100%        6
 Summon Cactus Giant      Summ           0%         N/A       100%        6
 Orb of Destruction       Conj           0%         9d5       100%        7
 Storm Form               Tmut/Air       0%         N/A       100%        7
 Borgnjor's Revivificati  Necr           0%         N/A       100%        8
 Lehudib's Crystal Spear  Conj/Erth      0%         10d2      100%        8
 Maxwell's Capacitive Co  Air            0%         ∞         100%        8
 Necromutation            Tmut/Necr      0%         N/A       100%        8
 Death's Door             Necr           0%         N/A       100%        9


Dungeon Overview and Level Annotations

Branches:
Dungeon (15/15)            Temple (0/1) D:5            Lair (5/5) D:9
  Swamp (3/4) Lair:2        Snake (2/4) Lair:3        Slime (1/5) Lair:4
    Orc (2/2) D:10            Elf (1/3) Orc:2        Vaults (0/5) D:14
 Depths (0/4) D:15          Sewer (visited)         Ossuary (visited)
  IceCv (visited)         Gauntlet (visited)

Altars:
Elyvilon
Fedhas
Gozag
Hepliaklqana
Nemelex Xobeh
Okawaru
Ru
Sif Muna
Trog
Uskayaw
Wu Jian
Yredelemnul
Jiyva

Shops:
D:1 (   D:4 [   D:13 *   D:14 *   D:15 (   Orc:2 !(***   Elf:1 *   Snake:1 !

Annotations:
Swamp:3 2 transporters, PanSaczeczos's ghost, adept GrDe


Innate Abilities, Weirdness & Mutations

You have a pair of horns on your head.
You reflexively headbutt those who attack you in melee.
You occasionally shout uncontrollably at your foes.


Message History

* * * LOW HITPOINT WARNING * * *
Your +9 longbow of flaming stops flaming.
You feel stronger.
You feel a sense of dread.
a - the +9 broad axe of Igamaan (weapon)
{vamp, Str+2} The naga sharpshooter shoots a bolt.
The bolt hits you.
* * * LOW HITPOINT WARNING * * *
You rampage towards the naga sharpshooter!
The naga sharpshooter mumbles some strange words.
The naga sharpshooter magically shoots a bolt.
The bolt hits you!
* * * LOW HITPOINT WARNING * * *
The naga sharpshooter shoots a bolt.
The bolt completely misses you.
You closely miss the naga sharpshooter.
The naga sharpshooter is severely wounded.
You slash the naga sharpshooter!
You feel better.
The naga sharpshooter mumbles some strange words.
The naga sharpshooter magically shoots a bolt.
The bolt hits you.
* * * LOW HITPOINT WARNING * * *
The naga sharpshooter casts a spell.
The naga sharpshooter magically shoots a bolt.
The bolt hits you but does no damage.
You hit the naga sharpshooter.
Your headbutt misses the naga sharpshooter.
The naga sharpshooter is almost dead.
You closely miss the naga sharpshooter.
The naga sharpshooter shoots a bolt.
The bolt hits you.
* * * LOW HITPOINT WARNING * * *
You slice the naga sharpshooter!!
You kill the naga sharpshooter!
Trog accepts your kill.
Trog appreciates your killing of a magic user.
You closely miss the naga sharpshooter.
You hit the naga sharpshooter but do no damage.
The naga sharpshooter is lightly wounded.
The naga sharpshooter gestures wildly while chanting.
The naga sharpshooter magically shoots a bolt.
The bolt hits you!!
You die...

................
.?.............#
N.S...........#
...........#
#))......#
#)......#
#.......####
#)N.).).....
#@..........
#†..........
#...........
#...........
#...........
#...........
#...........
#...........
#...........


You could see a naga sharpshooter.

Vanquished Creatures
  Rupert (D:13)
  Gastronok (D:12)
  3 fenstrider witches (Swamp:3)
  An azure jelly (D:15)
  A frost giant (D:14)
  An orc warlord (Orc:2)
  A deep elf sorcerer (Elf:1)
  Nessos (Lair:3)
  2 eleionomae
  A minotaur (Gauntlet)
  5 bunyips
  2 dire elephants (Swamp:1)
  A blizzard demon (Gauntlet)
  The ghost of diceflayer the Warrior, a journeyman DsFi of Makhleb (Lair:1)
  A fire dragon (D:15)
  15 hydras
  4 boulder beetles
  A yaktaur captain (D:10)
  A caustic shrike simulacrum (IceCv)
  A ghost crab (Swamp:3)
  7 two-headed ogres
  5 catoblepae
  4 alligators
  6 centaur warriors
  An anaconda (Snake:1)
  8 naga warriors
  4 naga sharpshooters
  2 dancing weapons (Elf:1)
  16 death yaks
  2 tengu warriors (D:15)
  Urug (Lair:4)
  3 deep elf knights
  2 shock serpents
  A fire crab (D:14)
  7 goliath frogs
  4 skeletal warriors (D:12)
  3 swamp dragons
  2 obsidian statues (IceCv)
  2 bog bodies
  A spriggan simulacrum (IceCv)
  A harpy (D:12)
  3 deep elf zephyrmancers (Elf:1)
  3 deep elf archers
  10 deep elf pyromancers
  A lindwurm (Lair:5)
  14 ugly things
  4 orc knights
  3 mana vipers
  6 will-o-the-wisps
  2 salamanders (Snake:1)
  7 cyclopes
  6 manticores
  2 moths of wrath (Lair:1)
  A worldbinder (Gauntlet)
  13 elephants
  2 guardian serpents (Snake:1)
  5 naga magi
  6 black mambas
  A gargoyle (D:11)
  An unseen horror (D:12)
  7 cane toads
  A kobold demonologist (D:12)
  9 freezing wraiths
  3 rime drakes
  5 komodo dragons
  An efreet (D:14)
  4 golden dragon simulacra (IceCv)
  A tengu conjurer (D:14)
  8 hornets
  5 trolls
  3 ice devils
  2 bloated husks (Swamp:2)
  3 polar bears
  Grinder (D:3)
  6 tyrant leeches
  A blink frog (shapeshifter) (D:13)
  4 slime creatures (Slime:1)
  3 raiju
  6 blink frogs
  5 dream sheep (Lair:4)
  2 centaur simulacra (D:15)
  3 wraiths
  7 spriggans
  2 water elementals
  A shadow (D:11)
  76 yaks
  A dire elephant simulacrum (IceCv)
  16 humans
  4 wyverns
  A fire elemental (Elf:1)
  2 basilisks
  A minotaur simulacrum (IceCv)
  10 vampire mosquitoes
  Menkaure (D:4)
  A harpy simulacrum (IceCv)
  10 swamp worms
  5 wargs
  15 nagas
  2 acid dragons
  A hydra simulacrum (IceCv)
  2 swamp drakes (Swamp:1)
  10 water moccasins
  An ice beast (D:15)
  A meliai simulacrum (D:15)
  37 orc warriors
  A black bear (D:5)
  4 ettin simulacra (IceCv)
  A sky beast (D:7)
  17 wolves
  2 boggarts (Gauntlet)
  15 centaurs
  8 ogres
  7 kobold brigands
  6 bullfrogs
  A phantom (D:2)
  2 wyvern zombies (D:7)
  6 gnoll sergeants
  2 scorpions
  11 wights
  4 killer bees (D:10)
  2 electric eels (D:5)
  4 howler monkeys
  4 bullfrog zombies
  6 centaur zombies
  2 jellies
  8 orc priests
  A gnoll bouda (D:8)
  3 hounds
  Crazy Yiuf (D:7)
  Terence (D:3)
  7 iguanas
  7 orc wizards
  A scorpion zombie (Ossuary)
  A lightning spire (Gauntlet)
  A killer bee zombie (D:7)
  22 gnolls
  8 adders
  3 river rats
  2 shadow imps
  4 white imps
  2 ufetubi (D:15)
  2 adder zombies (Ossuary)
  2 worms
  2 dart slugs (D:2)
  43 orcs
  11 endoplasms
  7 giant cockroaches
  7 hobgoblins
  4 jackals
  6 quokkas
  3 training dummies (D:15)
  13 ball pythons
  4 bats
  11 frilled lizards
  5 gnoll zombies (Ossuary)
  9 goblins
  4 goblin zombies (Ossuary)
  A hobgoblin zombie (Ossuary)
  22 kobolds
  3 orc zombies (Ossuary)
  17 rats
860 creatures vanquished.

Vanquished Creatures (collateral kills)
  3 reapers (IceCv)
3 creatures vanquished.

Vanquished Creatures (others)
  A bloated husk (Swamp:3)
  12 foxfires
  14 fungi
  16 plants
43 creatures vanquished.

Grand Total: 906 creatures vanquished

Notes
Turn   | Place    | Note
-------+----------+-------------------------------------------
     0 | D:1      | mcbry74 the Minotaur Berserker began the quest for the Orb.
     0 | D:1      | Reached XP level 1. HP: 19/19 MP: 0/0
   273 | D:1      | Reached XP level 2. HP: 27/27 MP: 1/1
   277 | D:1      | Reached skill level 4 in Axes
   802 | D:1      | Found Nugoveew's Weapon Shoppe.
  1133 | D:2      | Reached ** piety under Trog
  1137 | D:2      | Reached XP level 3. HP: 29/33 MP: 2/2
  1137 | D:2      | Noticed a phantom
  1157 | D:2      | Killed a phantom
  1158 | D:2      | Reached skill level 5 in Axes
  1158 | D:2      | Reached XP level 4. HP: 14/41 MP: 3/3
  1615 | D:1      | Reached XP level 5. HP: 31/47 MP: 4/4
  2368 | D:3      | Noticed a water moccasin
  2382 | D:3      | Killed a water moccasin
  2383 | D:3      | Reached XP level 6. HP: 41/55 MP: 5/5
  2443 | D:3      | Reached skill level 6 in Axes
  2453 | D:3      | Found a glowing drain.
  2471 | D:3      | Reached skill level 5 in Fighting
  2490 | Sewer    | Entered a sewer
  2533 | Sewer    | Reached *** piety under Trog
  2892 | D:3      | Found a faded altar of an unknown god.
  3085 | D:3      | Noticed Terence
  3097 | D:3      | Killed Terence
  3191 | D:3      | Noticed Grinder
  3194 | D:3      | Paralysed by Grinder for 3 turns
  3214 | D:3      | Killed Grinder
  3215 | D:3      | Reached XP level 7. HP: 40/61 MP: 6/6
  3323 | D:3      | Identified a scroll of acquirement
  3324 | D:3      | Acquired the +9 broad axe of Igamaan {vamp, Str+2}
  3489 | D:4      | Noticed Menkaure
  3495 | D:4      | Killed Menkaure
  3496 | D:4      | Reached skill level 7 in Axes
  3496 | D:4      | Reached skill level 5 in Armour
  3611 | D:4      | Found Goma's Armour Shop.
  3632 | D:4      | Found an iron altar of Okawaru.
  3733 | D:4      | Found a shimmering blue altar of Sif Muna.
  3743 | D:4      | Found a white marble altar of Elyvilon.
  3765 | D:4      | Found an ornate altar of the Wu Jian Council.
  3815 | D:4      | Found a sparkling altar of Nemelex Xobeh.
  3931 | D:5      | Entered Level 5 of the Dungeon
  4007 | D:5      | Found a transporter.
  4007 | D:5      | Found a transporter.
  4138 | D:5      | Reached XP level 8. HP: 70/70 MP: 7/7
  4167 | D:5      | Reached skill level 8 in Axes
  4171 | D:5      | Reached skill level 5 in Dodging
  4319 | D:5      | Found a staircase to the Ecumenical Temple.
  4747 | D:6      | Reached **** piety under Trog
  4782 | D:6      | Found a hide-covered altar of Uskayaw.
  4783 | D:6      | Noticed a +3 hand axe
  4783 | D:6      | Noticed a +0 hand axe
  4853 | D:6      | Found the +4 robe of Augmentation {Str+4 Int+4 Dex+4}
  5179 | D:6      | Found an opulent altar of Gozag.
  5337 | D:6      | Reached skill level 9 in Axes
  5371 | D:7      | Noticed a five-headed hydra
  5622 | D:8      | Reached XP level 9. HP: 33/79 MP: 8/8
  5650 | D:8      | Reached ***** piety under Trog
  5697 | D:8      | Found a sand-covered staircase.
  5706 | Ossuary  | Entered an ossuary
  5839 | Ossuary  | Reached skill level 10 in Axes
  5946 | Ossuary  | Noticed a silent spectre
  6382 | D:8      | Received a gift from Trog
  6511 | D:8      | Found a sacrificial altar of Ru.
  6793 | D:9      | Reached skill level 11 in Axes
  6829 | D:9      | Reached XP level 10. HP: 89/89 MP: 9/9
  7040 | D:9      | Reached skill level 12 in Axes
  7769 | D:9      | Found a staircase to the Lair.
  8068 | D:10     | Entered Level 10 of the Dungeon
  8156 | D:10     | Noticed a deep elf pyromancer
  8173 | D:10     | Killed a deep elf pyromancer
  8460 | D:10     | Reached skill level 13 in Axes
  8663 | D:10     | Noticed a yaktaur captain
  8670 | D:10     | Killed a yaktaur captain
  8796 | D:10     | Reached XP level 11. HP: 97/99 MP: 10/10
  8869 | D:10     | Found a bloodstained altar of Trog.
  8912 | D:10     | Reached skill level 10 in Fighting
  9041 | D:10     | Found a staircase to the Orcish Mines.
  9373 | Lair:1   | Entered Level 1 of the Lair of Beasts
  9377 | Lair:1   | Identified the +1 robe "Ungeqaq" {+Inv rPois Regen+ Dex+3}
  9515 | D:7      | Killed a five-headed hydra
  9516 | D:7      | Reached skill level 14 in Axes
  9516 | D:7      | Reached skill level 10 in Armour
  9808 | D:7      | Found a basalt altar of Yredelemnul.
 10299 | D:7      | Identified the +3 long sword "Embalmer" {vorpal, rElec rC++
                  | Str+4}
 10337 | D:7      | Found a hazy altar of Hepliaklqana.
 10384 | D:7      | Found a runed translucent door.
 10385 | D:7      | Noticed Crazy Yiuf
 10393 | D:7      | Killed Crazy Yiuf
 10505 | D:4      | Bought a +1 chain mail of poison resistance for 189 gold
                  | pieces
 10505 | D:4      | Bought a +2 hat of see invisible for 294 gold pieces
 10635 | Lair:1   | Received a gift from Trog
 10658 | Lair:1   | Noticed a four-headed hydra
 10676 | Lair:1   | Killed a four-headed hydra
 10934 | Lair:1   | Noticed a seven-headed hydra
 10944 | Lair:1   | Killed a seven-headed hydra
 11165 | Lair:1   | Noticed diceflayer's ghost (journeyman DsFi)
 11200 | Lair:1   | Found a transporter.
 11242 | Lair:1   | Found a transporter.
 11268 | Lair:1   | Reached skill level 15 in Axes
 11754 | Lair:1   | Reached XP level 12. HP: 110/110 MP: 11/11
 11756 | Lair:1   | Reached skill level 10 in Dodging
 11758 | Lair:1   | Killed diceflayer's ghost
 11861 | Lair:2   | Found a gate leading to a gauntlet.
 11871 | Gauntlet | Entered a Gauntlet
 11871 | Gauntlet | Found a transporter.
 11871 | Gauntlet | Found a transporter.
 11884 | Gauntlet | Found a transporter.
 11900 | Gauntlet | Noticed a blizzard demon
 11901 | Gauntlet | Found a transporter.
 11901 | Gauntlet | Found a transporter.
 11901 | Gauntlet | Found a transporter.
 11903 | Gauntlet | Found a transporter.
 11903 | Gauntlet | Found a transporter.
 11905 | Gauntlet | Noticed a catoblepas
 11916 | Gauntlet | Found a transporter.
 11929 | Gauntlet | Found a transporter.
 11942 | Gauntlet | Found a transporter.
 11956 | Gauntlet | Found a transporter.
 11976 | Gauntlet | Found a transporter.
 11992 | Gauntlet | Found a transporter.
 12000 | Gauntlet | Noticed a death scarab
 12290 | Gauntlet | Identified the ring "Xoyxemna" {Contam rElec rN++ MP+9
                  | EV+4}
 12343 | Gauntlet | Killed a blizzard demon
 12574 | Gauntlet | Identified the +1 cloak of Amexkur {+Inv Will+ Int+7}
 12576 | Gauntlet | Identified the +2 long sword of Disembowelment {flame, rC+
                  | Will+ Int+2 Dex+4}
 12724 | Gauntlet | Noticed a minotaur
 12737 | Gauntlet | Killed a minotaur
 12738 | Gauntlet | Reached skill level 16 in Axes
 12747 | Gauntlet | Got Epierghoe's Dissertation on Putrescence and Silt
 12922 | Lair:2   | Found a staircase to the Swamp.
 13240 | Lair:3   | Noticed Nessos
 13445 | Lair:3   | Killed Nessos
 13607 | Lair:3   | Found a staircase to the Snake Pit.
 13655 | Lair:3   | Noticed a death yak
 13656 | Lair:3   | Noticed a death yak
 13657 | Lair:3   | Noticed a death yak
 13661 | Lair:3   | Killed a death yak
 13662 | Lair:3   | Noticed a death yak
 13681 | Lair:2   | Killed a death yak
 13682 | Lair:2   | Reached skill level 1 in Ranged Weapons
 13691 | Lair:3   | Killed a death yak
 13692 | Lair:3   | Reached XP level 13. HP: 119/119 MP: 12/12
 13753 | Lair:3   | Reached skill level 17 in Axes
 14204 | Lair:4   | Noticed Urug
 14215 | Lair:4   | Killed Urug
 14518 | Lair:4   | Gained mutation: You occasionally shout uncontrollably at
                  | your foes. [mutagenic glow]
 14575 | Lair:4   | Found a staircase to the Slime Pits.
 14575 | Lair:4   | Found a viscous altar of Jiyva.
 15087 | Slime:1  | Entered Level 1 of the Pits of Slime
 15095 | Slime:1  | Received a gift from Trog
 15123 | Lair:5   | Entered Level 5 of the Lair of Beasts
 15499 | Lair:5   | Reached skill level 18 in Axes
 16127 | Lair:5   | Reached skill level 5 in Ranged Weapons
 16511 | Lair:5   | Reached XP level 14. HP: 114/129 MP: 13/13
 17072 | Lair:5   | Received a gift from Trog
 17722 | Orc:1    | Entered Level 1 of the Orcish Mines
 18170 | Orc:2    | Entered Level 2 of the Orcish Mines
 18318 | Orc:2    | Found a staircase to the Elven Halls.
 18337 | Orc:2    | Found Riusael's General Store.
 18491 | Orc:2    | Reached skill level 1 in Evocations
 18520 | Orc:2    | Reached skill level 1 in Throwing
 19191 | Orc:2    | Found Zohoh's General Store.
 19191 | Orc:2    | Found Suzaschy's Antique Weapon Boutique.
 19193 | Orc:2    | Found Wuilong's Distillery.
 19195 | Orc:2    | Found Qarin's General Store.
 19199 | Orc:2    | Bought a potion of resistance for 140 gold pieces
 19202 | Orc:2    | Bought a potion of haste for 120 gold pieces
 19202 | Orc:2    | Bought a potion of resistance for 120 gold pieces
 19202 | Orc:2    | Bought a potion of curing for 36 gold pieces
 19202 | Orc:2    | Bought a potion of heal wounds for 60 gold pieces
 19207 | Orc:2    | Bought a potion of heal wounds for 85 gold pieces
 19301 | Orc:1    | Noticed an orc warlord
 19313 | Orc:1    | Reached ****** piety under Trog
 19324 | Orc:2    | Killed an orc warlord
 20140 | D:11     | Identified the +5 kite shield of Ymeppuj {*Slow rC+ rN+
                  | Int+7}
 20256 | D:12     | Noticed Gastronok
 20268 | D:12     | Killed Gastronok
 20405 | D:12     | Received a gift from Trog
 21962 | D:12     | Reached XP level 15. HP: 139/139 MP: 14/14
 22575 | D:13     | Found Tyocsic's Assorted Antiques.
 23596 | D:14     | Noticed Rupert
 23596 | D:14     | Found a gate to the Vaults.
 23604 | D:13     | Reached skill level 10 in Ranged Weapons
 23617 | D:13     | Killed Rupert
 23896 | D:14     | Found a blossoming altar of Fedhas.
 23969 | D:14     | Found Boubyxor's Assorted Antiques.
 24058 | D:14     | Identified the +4 broad axe "Zenod" {vorpal, Fly rC+++
                  | Int-4 SInv} (Trog gifted it to you on level 14 of the
                  | Dungeon)
 24058 | D:14     | Received a gift from Trog
 24635 | D:15     | Entered Level 15 of the Dungeon
 24648 | D:15     | Reached skill level 15 in Fighting
 24687 | D:15     | Noticed an azure jelly
 24695 | D:15     | Killed an azure jelly
 24699 | D:15     | Found a frozen archway.
 24717 | IceCv    | Entered an ice cave
 26500 | IceCv    | Reached skill level 15 in Armour
 26758 | IceCv    | Reached skill level 5 in Throwing
 27398 | D:15     | Received a gift from Trog
 27448 | D:15     | Reached XP level 16. HP: 149/149 MP: 15/15
 28119 | D:15     | Found a staircase to the Depths.
 29233 | D:15     | Found Ping's Firing Range.
 29532 | Elf:1    | Entered Level 1 of the Elven Halls
 29555 | Elf:1    | Reached skill level 5 in Evocations
 29667 | Elf:1    | Found Zungoeddon's Assorted Antiques.
 31348 | Elf:1    | Received a gift from Trog
 31612 | Swamp:1  | Entered Level 1 of the Swamp
 33255 | Swamp:2  | Found a hide-covered altar of Uskayaw.
 34509 | Swamp:3  | Found a transporter.
 34509 | Swamp:3  | Noticed PanSaczeczos's ghost (adept GrDe)
 34513 | Swamp:3  | Noticed a tentacled monstrosity
 34642 | Swamp:3  | Noticed a tentacled monstrosity
 34643 | Swamp:3  | Noticed a tentacled monstrosity
 34651 | Swamp:3  | Reached skill level 19 in Axes
 34934 | Swamp:3  | Found a runed translucent door.
 34942 | Swamp:3  | Received a gift from Trog
 35327 | Swamp:3  | Found a transporter.
 35667 | Snake:1  | Entered Level 1 of the Snake Pit
 35702 | Snake:1  | Reached XP level 17. HP: 150/158 MP: 16/16
 36062 | Snake:1  | Found Suecweh's Distillery.
 36068 | Snake:1  | Bought a potion of curing for 36 gold pieces
 36068 | Snake:1  | Bought a potion of haste for 120 gold pieces
 36068 | Snake:1  | Bought a potion of heal wounds for 60 gold pieces
 36068 | Snake:1  | Bought a potion of heal wounds for 60 gold pieces
 36068 | Snake:1  | Bought 2 potions of curing for 72 gold pieces
 36068 | Snake:1  | Bought a potion of heal wounds for 60 gold pieces
 36068 | Snake:1  | Bought a potion of curing for 36 gold pieces
 37372 | Snake:2  | Shot with a bolt by a naga sharpshooter

Illustrated notes

Levels and vault maps discovered:
D:1:      amcnicky_arrival_double_pillar, layout_loops_ring, serial_shops,
          nicolae_shop_statue_plus
D:2:      layout_rooms
D:3:      minmay_chambers_of_twos, layout_basic, ebering_ecumenical_altar_ruins,
          portal_sewer_entry_b, minmay_misc_feat_more_columns, uniq_terence,
          uniq_grinder
D:4:      layout_rooms, mainiacjoe_overflow_alcove_4, nzn_wu_jian_council_hall,
          amcnicky_altar_gilded, mainiacjoe_overflow_large_starburst,
          serial_shops, kennysheep_mini, grunt_decor_cap, uniq_menkaure
D:5:      gammafunk_steamed_eel, layout_rooms, minmay_temple_entry_statues
D:6:      layout_basic, dancing_weapons_uskayaw,
          mainiacjoe_overflow_small_starburst, interstate_on_off
D:7:      layout_cave_pools, nicolae_yredelemnul_corpse_copse,
          nicolae_hepliaklqana_hippocampus, enter_bailey_5,
          uniq_crazy_yiuf_cottage
D:8:      layout_loops_corners, nicolae_ru_the_path_less_chosen,
          enter_ossuary_1, columned_hall_lemuel
D:9:      layout_basic, lair_entry_dummy, kennysheep_generic_room_5
D:10:     layout_irregular_city, trog_butcher_becter,
          kennysheep_orc_monster_closet_entryway, kennysheep_just_a_vault
D:11:     layout_loops_corners
D:12:     layout_layer_cave, minmay_misc_feat_roman, minmay_the_grid_2x2
          [minmay_the_grid_tree, minmay_the_grid_zigzag_pyramid,
          minmay_the_grid_mess, minmay_the_grid_prize_big_room], uniq_gastronok
D:13:     layout_small_grid, serial_shops, shop, minmay_puff
D:14:     layout_cave_pools, david_vaults_3, fedhas_altar_1, serial_shops,
          nicolae_square_shop
D:15:     grunt_enter_depths_snipers, layout_cave_pools, serial_ice,
          serial_ice_k, serial_ice_f, serial_ice_m, serial_ice_o, serial_ice_e,
          portal_ice_cave_entry_frozen_things, grunt_decor_one_mirror,
          nicolae_shop_firing_range
Lair:1:   layout_gridlike, gammafunk_ghost_berserking_beasts,
          serial_bayou_shore_b
Lair:2:   layout_cave_shapes, swamp_mist, gauntlet_entry_generic,
          grunt_megastairs_4
Lair:3:   layout_long_grid, dummy_snake_entry, grunt_megastairs_3, uniq_nessos
Lair:4:   layout_cave_pods, slime_entry_1, lemuel_fruit_tree, uniq_urug
Lair:5:   evilmike_catoblepas_cave, layout_hall_layers
Swamp:1:  layout_basic_swamp, evilmike_swamp_ruin_house_1, swamp_pool1,
          beargit_elvish_explorers
Swamp:2:  layout_basic_swamp, nicolae_swamp_godswood
Swamp:3:  layout_basic_swamp, gammafunk_ghost_arena, hangedman_swamp_pad,
          nzn_swamp_weyward_sisters
Snake:1:  layout_misc_corridors, minmay_shop_star
Snake:2:  layout_onion, nicolae_shop_self_help, uniq_aizul, uniq_mlioglotl
Slime:1:  layout_caves
Orc:1:    layout_diamond_mine, mines1_david
Orc:2:    st_orc_rangers, layout_caves, serial_shops, nicolae_lakefront_shop,
          nicolae_orc_tapped_out
Elf:1:    minmay_elf_arrival_summoners, layout_loops_cross, serial_shops,
          shop_statue

Skill      XL: |  1  2  3  4  5  6  7  8  9 10 11 12 13 14 15 16 17 |
---------------+----------------------------------------------------+-----
Axes           | 4 5 6 7 9 11 13 15 16 18 19 | 19.2
Fighting       | 4 5 6 7 8 9 11 12 13 14 15 16 | 16.2
Armour         | 3 4 5 6 8 9 10 12 13 14 15 16 | 16.0
Dodging        | 3 4 6 7 8 9 11 12 13 14 | 14.8
Ranged Weapons | 1 5 9 11 13 | 13.4
Evocations     | 2 4 6 |  6.5
Throwing       | 3 5 6 7 |  7.0

Action                   |  1- 3 |  4- 6 |  7- 9 | 10-12 | 13-15 | 16-18 || total
-------------------------+-------+-------+-------+-------+-------+-------++-------
Melee: Hand axe          |    65 |   182 |       |       |       |       ||   247
       Headbutt          |     6 |    21 |    35 |    84 |   248 |   112 ||   506
       Broad axe         |       |       |   219 |   399 |   833 |   365 ||  1816
       Punch             |       |       |     4 |     7 |    12 |     7 ||    30
       Dire flail        |       |       |       |    17 |    36 |       ||    53
       Executioner's axe |       |       |       |       |       |   114 ||   114
       Battleaxe         |       |       |       |       |       |     6 ||     6
 Fire: Longbow           |       |       |       |     4 |   102 |   187 ||   293
Throw: Dart              |       |       |       |       |     4 |       ||     4
Invok: Berserk           |       |       |       |     5 |     3 |     1 ||     9
       Trog's Hand       |       |       |       |     2 |     1 |       ||     3
       Brothers in Arms  |       |       |       |       |     1 |       ||     1
  Use: Scroll            |       |       |    13 |    12 |    13 |     4 ||    42
       Potion            |       |       |       |     1 |     2 |       ||     3
 Stab: Distracted        |       |       |       |     1 |     1 |       ||     2
Armor: Chain mail        |    29 |    93 |    90 |   202 |   124 |       ||   538
       Animal skin       |     1 |       |       |       |       |       ||     1
       Plate armour      |       |       |       |       |   253 |       ||   253
       Fire dragon scale |       |       |       |       |     9 |   215 ||   224
Dodge: Dodged            |    37 |   104 |   118 |   342 |   541 |   309 ||  1451
